 Dungeon Crawl Stone Soup version 0.28.0-53-g5a82cb258f (webtiles) character file.

Game seed: 5235512054446384839

16071 glosham the Thaumaturge (level 12, -3/76 HPs)
             Began as a Djinni Cinder Acolyte on June 16, 2022.
             Was an Initiate of Makhleb.
             Slain by Fannar
             ... wielding a staff of cold
              (7 damage)
             ... on level 1 of the Lair of Beasts on June 17, 2022.
             The game lasted 03:10:46 (7363 turns).

glosham the Thaumaturge (Djinni Cinder Acolyte)     Turns: 7363, Time: 03:10:47

Health: -3/76      AC: 15    Str: 13    XL:     12   Next: 65%
Gold:   410        EV: 14    Int: 21    God:    Makhleb [......] SH:  0 Dex: 16

rFire   . . .      SeeInvis .   a - +3 dagger (distort) {!w}
rCold   . . .      Faith    .   (no shield)
rNeg    . . .      Spirit   .   X - +3 leather armour of Wonurgh {+Blink Dex+7 Slay+6}
rPois   ∞          Reflect  .   U - +0 helmet
rElec   +          Harm     .   Y - +2 cloak
rCorr   +          Rampage  .   V - +2 pair of gloves {hurl}
Will    ++...                   (boots unavailable)
Stlth   +.........              (no amulet)
HPRegen 0.22/turn               (no ring)
MPRegen 0.00/turn               B - ring of willpower

@: resistant, attractive, flying, invisible, fire susceptible
A: sickness immunity, fire resistance 2, cold vulnerability 1, float, innate
caster, HP casting, extra vitality 1, iridescent scales 1, wild magic 1
a: Renounce Religion, Evoke Blink


You were on level 1 of the Lair of Beasts.
You worshipped Makhleb.
Makhleb was noncommittal.
You visited 3 branches of the dungeon, and saw 12 of its levels.
You also visited: Ossuary and Bailey.

You collected 668 gold pieces.
You spent 258 gold pieces at shops.

Inventory:

Hand Weapons
 a - a +3 dagger of distortion (weapon) {!w}
 b - a +1 vampiric dagger
 x - a +0 hand crossbow
 D - a +0 arbalest
 E - a +2 great sword
Missiles
 d - 206 arrows
 f - 6 poisoned darts
 j - 82 sling bullets
 C - 113 bolts
 G - 7 boomerangs (quivered)
Armour
 U - a +0 helmet (worn)
 V - a +2 pair of gloves of hurling (worn)
 X - the +3 leather armour of Wonurgh (worn) {+Blink Dex+7 Slay+6}
   (You found it on level 7 of the Dungeon)

   Dex:       It affects your dexterity (+7).
   Slay:      It affects your accuracy & damage with ranged weapons and melee
   (+6).
   +Blink:    It lets you blink.
 Y - a +2 cloak (worn)
 Z - an orb of guile
Magical Staves
 z - a staff of earth
Jewellery
 B - a ring of willpower (right hand)
Wands
 g - a wand of digging (2)
 h - a wand of flame (15)
 i - a wand of polymorph (12)
 q - a wand of paralysis (10)
 t - a wand of mindburst (4)
Scrolls
 c - 3 scrolls of vulnerability
 k - 7 scrolls of teleportation
 l - a scroll of torment {!r}
 m - 4 scrolls of fog
 n - 2 scrolls of fear
 p - 4 scrolls of identify
 v - 2 scrolls of brand weapon
 A - 2 scrolls of immolation
Potions
 e - 4 potions of mutation {!q}
 o - a potion of attraction
 r - 3 potions of curing
 s - a potion of cancellation
 y - 2 potions of might
Miscellaneous
 F - a lightning rod (inert)


   Skills:
 - Level 3.0 Fighting
 - Level 2.6 Short Blades
 * Level 6.5 Dodging
 - Level 14.6 Spellcasting


You had 24 spell levels left.
You knew the following spells:

 Your Spells              Type           Power      Damage    Failure   Level
c - Frozen Ramparts       Ice            100%       1d12      1%          3
f - Foxfire               Conj/Fire      100%       2x1d9     1%          1
h - Hailstorm             Conj/Ice       79%        3d16      1%          4
z - Scorch                Fire           100%       2d10      1%          2
A - Animate Armour        Summ/Erth      100%       N/A       1%          4
E - Static Discharge      Conj/Air       79%        N/A       1%          2
Your spell library was empty.

Dungeon Overview and Level Annotations

Branches:
Dungeon (10/15)            Temple (1/1) D:5            Lair (1/6) D:10
    Orc (0/2) D:9         Ossuary (visited)          Bailey (visited)

Altars:
Ashenzari
Cheibriados
Elyvilon
Gozag
Hepliaklqana
Kikubaaqudgha
Makhleb
Nemelex Xobeh
Okawaru
Qazlal
Ru
Sif Muna
Trog
Wu Jian
Xom
Yredelemnul
Zin

Shops:
D:1 [

Annotations:
D:6 1 runed translucent door, Quickbrownfox's ghost, novice DsIE
D:10 Nergalle
Lair:1 !, Fannar


Innate Abilities, Weirdness & Mutations

You are immune to sickness and miasma.
You are immune to poison.
Your flesh is very heat resistant. (rF++)
You are vulnerable to cold. (rC-)
You float through the air rather than walking.
You learn spells naturally, not from books.
Your magical power is your life essence.
You have superior vitality. (+4 MHP)
You are partially covered in iridescent scales. (AC +2)
Your spells are a little harder to cast, but a little more powerful.


Message History

You hit Fannar.
Fannar is moderately wounded.
Fannar closely misses you.
You hit Fannar but do no damage.
Fannar is moderately wounded.
You puncture Fannar!
Fannar is heavily wounded.
Fannar blinks!
Fannar is attracted toward you.
Casting: Frozen Ramparts (safe; 1% risk of failure)
Confirm with . or Enter, or press ? or * to list all spells.
Flames lash Fannar.
Fannar is severely wounded.
Fannar's fire resistance burns away.
The butterfly is attracted toward you.
Casting: Scorch (safe; 1% risk of failure)
Confirm with . or Enter, or press ? or * to list all spells.
Flames lash Fannar but do no damage.
* * * LOW HITPOINT WARNING * * *
Fannar hits you but does no damage. Fannar freezes you!
* * * LOW HITPOINT WARNING * * *
The butterfly is attracted toward you.
You feel better. Fannar hits you but does no damage. Fannar freezes you.
* * * LOW HITPOINT WARNING * * *
You strike the helpless Fannar from behind!
You puncture Fannar!
Space warps horribly around Fannar!
Fannar is almost dead.
Fannar hits you with a staff of cold.
* * * LOW HITPOINT WARNING * * *
Fannar freezes you.
* * * LOW HITPOINT WARNING * * *
You feel better. Fannar hits you but does no damage. Fannar freezes you.
* * * LOW HITPOINT WARNING * * *
You hit Fannar but do no damage.
Space warps around Fannar.
Your punch misses Fannar.
Fannar is almost dead.
Fannar hits you but does no damage. Fannar freezes you!
* * * LOW HITPOINT WARNING * * *
You feel better. Fannar hits you with a staff of cold.
* * * LOW HITPOINT WARNING * * *
Fannar freezes you!
You die...

#### #######
##..P####.#.#P##########
........................
....................###.
##..............P.....#.
.....be@.>......#.......
.#...####.......#...†.#.
... #.......#####.#. .
##.............<.
#................
##.>.#P..###.....
#....#.....#.....
##...#.....#.....
#.........#.....


You could see Fannar (combustible).

Vanquished Creatures
  2 vault guards (Bailey)
  2 hydras
  The ghost of Sobaton the Basher, a novice MiFi of Ashenzari (D:8)
  2 two-headed ogres
  A deep elf pyromancer (D:9)
  A cyclops (D:9)
  A salamander (shapeshifter) (D:9)
  An ugly thing (D:7)
  A black mamba (Lair:1)
  A cane toad (Lair:1)
  A kobold demonologist (D:10)
  A komodo dragon (Lair:1)
  Prince Ribbit (D:6)
  A queen bee (shapeshifter) (D:9)
  A blink frog (Bailey)
  A hornet (D:10)
  A wyvern (Lair:1)
  3 humans (Bailey)
  A wraith (D:10)
  5 yaks
  Eustachio (D:6)
  A basilisk (D:9)
  2 vampire mosquitoes (D:10)
  4 steam dragons
  5 water moccasins
  5 black bears
  Duvessa (D:7)
  An orc warrior (D:9)
  2 ice beasts
  2 sky beasts
  An ogre (D:5)
  2 necrophages
  5 centaurs
  A phantom (D:6)
  Blork the orc (D:4)
  A scorpion (D:6)
  16 bullfrogs
  4 water moccasin zombies (Ossuary)
  4 killer bees
  4 wights (D:8)
  3 howler monkeys
  A bullfrog zombie (D:7)
  4 centaur zombies
  A jelly (D:4)
  3 hounds
  A bullfrog skeleton (D:5)
  6 orc priests
  Jessica (D:2)
  3 iguanas
  4 orc wizards
  A killer bee zombie (D:7)
  2 hound skeletons
  2 mummies (Ossuary)
  7 gnolls
  A howler monkey zombie (D:7)
  8 adders
  2 white imps
  6 adder zombies (Ossuary)
  2 worms (D:2)
  4 dart slugs
  25 orcs
  16 ball pythons
  7 endoplasms
  3 giant cockroaches
  3 gnoll zombies (Ossuary)
  13 goblins
  7 hobgoblins
  5 jackals (D:3)
  8 kobolds
  A quokka (D:4)
  10 bats
  4 frilled lizards
  3 hobgoblin zombies (Ossuary)
  5 kobold zombies (Ossuary)
  3 orc zombies (Ossuary)
  6 rats
  A butterfly (Lair:1)
274 creatures vanquished.

Vanquished Creatures (collateral kills)
  A water moccasin zombie (Ossuary)
  A gnoll zombie (Ossuary)
  A hobgoblin zombie (Ossuary)
  2 kobold zombies (Ossuary)
5 creatures vanquished.

Vanquished Creatures (others)
  47 foxfires
  55 fungi
  49 plants
151 creatures vanquished.

Grand Total: 430 creatures vanquished

Notes
Turn   | Place    | Note
-------+----------+-------------------------------------------
     0 | D:1      | glosham the Djinni Cinder Acolyte began the quest for the
                  | Orb.
     0 | D:1      | Reached XP level 1. HP: 20/20 MP: 0/0
   166 | D:1      | Reached XP level 2. HP: 19/25 MP: 0/0
   215 | D:2      | Reached skill level 3 in Spellcasting
   237 | D:3      | Reached XP level 3. HP: 15/30 MP: 0/0
   237 | D:3      | Learned a level 1 spell: Foxfire
   623 | D:2      | Reached XP level 4. HP: 27/35 MP: 0/0
   855 | D:1      | Found Raocsill's Armour Boutique.
  1290 | D:2      | Noticed Jessica
  1294 | D:2      | Killed Jessica
  1295 | D:2      | Reached skill level 4 in Spellcasting
  1465 | D:1      | Reached XP level 5. HP: 36/40 MP: 0/0
  1465 | D:1      | Learned a level 2 spell: Static Discharge
  1532 | D:1      | Noticed a shining eye
  1535 | D:1      | Found a faded altar of an unknown god.
  1537 | D:1      | Noticed a shining eye
  1537 | D:1      | Noticed a shining eye
  1537 | D:1      | Noticed a great orb of eyes
  1856 | D:4      | Noticed a necrophage
  1861 | D:4      | Killed a necrophage
  1862 | D:4      | Reached skill level 5 in Spellcasting
  1862 | D:4      | Reached XP level 6. HP: 35/46 MP: 0/0
  1873 | D:4      | Noticed Blork the orc
  1875 | D:4      | Killed Blork the orc
  1954 | D:5      | Entered Level 5 of the Dungeon
  2037 | D:6      | Noticed Prince Ribbit
  2041 | D:6      | Killed Prince Ribbit
  2042 | D:6      | Reached skill level 6 in Spellcasting
  2042 | D:6      | Reached XP level 7. HP: 32/50 MP: 0/0
  2042 | D:6      | Learned a level 3 spell: Frozen Ramparts
  2045 | D:6      | Noticed a water moccasin
  2050 | D:6      | Killed a water moccasin
  2083 | D:6      | Reached XP level 8. HP: 11/56 MP: 0/0
  2181 | D:6      | Reached skill level 7 in Spellcasting
  2238 | D:6      | Found a sand-covered staircase.
  2304 | D:6      | HP: 5/56 [killer bee (6)]
  2304 | D:6      | HP: 2/56 [killer bee (3)]
  2376 | D:6      | Reached skill level 8 in Spellcasting
  2381 | D:6      | Found a runed translucent door.
  2382 | D:6      | Found a shimmering altar of Xom.
  2382 | D:6      | Noticed Quickbrownfox's ghost (novice DsIE)
  2382 | D:6      | Noticed a +0 spear of chaos
  2388 | D:6      | Noticed Eustachio
  2409 | D:6      | Killed Eustachio
  2419 | D:6      | Reached XP level 9. HP: 11/60 MP: 0/0
  2419 | D:6      | Learned a level 4 spell: Hailstorm
  2514 | D:6      | Gained mutation: You are partially covered in iridescent
                  | scales. (AC +2) [potion of mutation]
  2514 | D:6      | Gained mutation: You possess an exceptional clarity of
                  | mind. [potion of mutation]
  2514 | D:6      | Lost mutation: You possess an exceptional clarity of mind.
                  | [potion of mutation]
  2514 | D:6      | Gained mutation: Your spells are a little harder to cast,
                  | but a little more powerful. [potion of mutation]
  2523 | Ossuary  | Entered an ossuary
  2662 | Ossuary  | Reached skill level 9 in Spellcasting
  2994 | D:5      | Found a staircase to the Ecumenical Temple.
  3004 | D:5      | Found a basalt altar of Yredelemnul.
  3006 | D:5      | Found an opulent altar of Gozag.
  3225 | D:5      | Found a broken altar of Ashenzari.
  3225 | D:5      | Found a bloodstained altar of Trog.
  3237 | D:5      | Reached skill level 10 in Spellcasting
  4024 | D:4      | Found an ornate altar of the Wu Jian Council.
  4220 | D:1      | Bought a +2 pair of gloves of hurling for 258 gold pieces
  4357 | D:7      | Reached XP level 10. HP: 45/67 MP: 0/0
  4359 | D:7      | Noticed a red ugly thing
  4370 | D:7      | Killed a red ugly thing
  4399 | D:7      | Noticed Duvessa
  4404 | D:7      | Noticed Dowan
  4410 | D:7      | Killed Duvessa
  4411 | D:7      | Noticed Dowan
  4411 | D:7      | Dowan changed into Dowan the killer bee
  4413 | D:7      | Reached skill level 11 in Spellcasting
  4416 | D:7      | Killed Dowan the killer bee
  4521 | D:7      | Identified the +3 leather armour of Wonurgh {+Blink Dex+7
                  | Slay+6}
  4678 | D:7      | Found a flagged portal.
  4693 | Bailey   | Entered a bailey
  4837 | Bailey   | Noticed a vault guard
  4860 | Bailey   | Killed a vault guard
  4861 | Bailey   | Reached skill level 12 in Spellcasting
  4910 | Bailey   | Noticed a vault guard
  4914 | Bailey   | Reached XP level 11. HP: 34/71 MP: 0/0
  4914 | Bailey   | Learned a level 4 spell: Animate Armour
  4917 | Bailey   | Killed a vault guard
  5084 | D:8      | Found a runed translucent gate.
  5084 | D:8      | Found a runed translucent gate.
  5084 | D:8      | Found a runed translucent gate.
  5094 | D:8      | Noticed Sobaton's ghost (novice MiFi)
  5531 | D:8      | Noticed a two-headed ogre
  5543 | D:8      | Killed a two-headed ogre
  5544 | D:8      | Reached skill level 13 in Spellcasting
  5927 | D:9      | Noticed a deep elf pyromancer
  5931 | D:9      | Noticed a salamander
  5931 | D:9      | a jumping spider changed into a salamander
  5933 | D:9      | Killed a deep elf pyromancer
  5935 | D:9      | Killed a salamander
  5945 | D:9      | Noticed a cyclops
  5945 | D:9      | Noticed a six-headed hydra
  5956 | D:9      | Killed a six-headed hydra
  5960 | D:9      | HP: 1/71 [cyclops/large rock (43)]
  5962 | D:9      | Killed a cyclops
  6106 | D:9      | Found a staircase to the Orcish Mines.
  6243 | D:10     | Entered Level 10 of the Dungeon
  6277 | D:10     | Reached skill level 14 in Spellcasting
  6349 | D:10     | Reached XP level 12. HP: 24/76 MP: 0/0
  6400 | D:10     | Found a snail-covered altar of Cheibriados.
  6477 | D:10     | Noticed Nergalle
  6566 | D:10     | Noticed a two-headed ogre
  6572 | D:10     | Killed a two-headed ogre
  6631 | D:10     | Found a staircase to the Lair.
  6746 | D:9      | Reached skill level 1 in Dodging
  6764 | D:9      | Reached skill level 2 in Dodging
  6881 | Temple   | Entered the Ecumenical Temple
  6900 | Temple   | Fell from the grace of Ignis
  6900 | Temple   | Became a worshipper of Makhleb the Destroyer
  7013 | D:8      | Killed Sobaton's ghost
  7014 | D:8      | Reached skill level 4 in Dodging
  7102 | Lair:1   | Entered Level 1 of the Lair of Beasts
  7102 | Lair:1   | Noticed a seven-headed hydra
  7107 | Lair:1   | Killed a seven-headed hydra
  7108 | Lair:1   | Reached skill level 5 in Dodging
  7231 | Lair:1   | Reached skill level 6 in Dodging
  7347 | Lair:1   | Noticed Fannar
  7358 | Lair:1   | HP: 5/76 [Fannar/staff of cold (14)]
  7362 | Lair:1   | HP: 2/76 [Fannar/staff of cold (9)]
  7363 | Lair:1   | Slain by Fannar

Illustrated notes

Levels and vault maps discovered:
D:1:      enne_arrival_octagon_isle, layout_basic, serial_shops,
          nicolae_shop_statue_plus, hellmonk_ecumenical_altar_watching_god,
          solitary_fountain, chequers_serial_rivers_small_a, minivault_27,
          minmay_misc_feat_x, minmay_split_cup_large
D:2:      minmay_door_path, layout_loops_cross, uniq_jessica
D:3:      layout_loops_ring
D:4:      layout_loops_corners, mainiacjoe_overflow_alcove_2, uniq_blork_the_orc
D:5:      layout_rooms, chequers_temple_overflow_statue_of_worship,
          minmay_temple_entry_wispy, chequers_serial_rivers_small_a,
          minmay_fractal_squares_diagonal_5
D:6:      layout_rooms, enter_ossuary_3, ebering_ghost_xom,
          grunt_decor_fettered, uniq_eustachio, uniq_prince_ribbit1
D:7:      layout_cave_pools, lightli_bailey_entry_fortress, uniq_duvessa
D:8:      layout_loops_ring, ebering_ghost_rock_garden,
          minmay_misc_feat_enclosed
D:9:      minmay_the_grid_four_pointed_star
          [minmay_the_grid_triangle_9x9_wacky_v,
          minmay_the_grid_triangle_9x9_corruption,
          minmay_the_grid_triangle_9x9_intruding_spiral,
          minmay_the_grid_triangle_9x9_zippers_horizontal,
          minmay_the_grid_prize_inner_circle], layout_irregular_city
D:10:     layout_basic, general_overflow_altar, due_lair_maze_entry_diamond,
          uniq_nergalle
Temple:   eino_temple_rhombus
Lair:1:   layout_chaotic_city, lemuel_fruit_fields, uniq_grum, uniq_fannar

Skill      XL: |  1  2  3  4  5  6  7  8  9 10 11 12 |
---------------+-------------------------------------+-----
Spellcasting   | 3 4 5 6 8 10 12 14 | 14.6
Dodging        | 6 |  6.5
Fighting       | |  3.0
Short Blades   | |  2.6

Action                   |  1- 3 |  4- 6 |  7- 9 | 10-12 || total
-------------------------+-------+-------+-------+-------++-------
Melee: Short sword       |    16 |       |       |       ||    16
       Dagger            |    24 |    53 |    78 |   136 ||   291
       Punch             |       |       |     2 |     3 ||     5
Throw: Dart              |     3 |       |       |       ||     3
       Boomerang         |       |       |       |     7 ||     7
 Cast: Scorch            |    18 |    34 |    70 |   136 ||   258
       Foxfire           |       |     1 |    18 |     9 ||    28
       Hailstorm         |       |       |     2 |     3 ||     5
       Frozen Ramparts   |       |       |       |    29 ||    29
       Static Discharge  |       |       |       |     4 ||     4
       Animate Armour    |       |       |       |     3 ||     3
Evoke: Wand              |       |     2 |    26 |    18 ||    46
       Lightning rod     |       |       |       |     4 ||     4
  Use: Scroll            |       |     3 |    11 |     9 ||    23
       Potion            |       |       |     5 |     7 ||    12
 Stab: Sleeping          |     1 |       |       |       ||     1
       Invisible         |       |       |       |     3 ||     3
Armor: Robe              |    13 |    10 |       |       ||    23
       Leather armour    |       |       |    17 |    38 ||    55
       Ring mail         |       |       |     6 |    11 ||    17
Dodge: Dodged            |    24 |    25 |    38 |    67 ||   154

Table legend: (Time is in decaauts)
 A = Elapsed time spent in this place.
 B = Non-inter-level travel time spent in this place.
 C = Inter-level travel time spent in this place.
 D = Time resting spent in this place.
 E = Time spent auto-exploring this place.
 F = Levels seen in this place.
 G = Mean time per level.
                   A        B        C        D        E       F      G
               +--------+--------+--------+--------+--------+-----+--------+
         Total |   7342 |   6510 |    832 |    141 |      0 |  14 |  524.4 |
       Dungeon |   6452 |   5620 |    832 |     31 |      0 |  10 |  645.2 |
        Temple |     35 |     35 |      0 |      0 |      0 |   1 |   35.0 |
          Lair |    256 |    256 |      0 |      0 |      0 |   1 |  256.0 |
       Ossuary |    351 |    351 |      0 |    110 |      0 |   1 |  351.0 |
        Bailey |    246 |    246 |      0 |      0 |      0 |   1 |  246.0 |
               +--------+--------+--------+--------+--------+-----+--------+

Top non-repeatable levels by time:
     D:1: 895 daAuts
     D:9: 763 daAuts
     D:8: 753 daAuts
     D:4: 713 daAuts
     D:2: 709 daAuts
     D:5: 596 daAuts
     D:3: 583 daAuts
     D:6: 508 daAuts
    D:10: 470 daAuts
     D:7: 457 daAuts
 Ossuary: 351 daAuts
  Lair:1: 256 daAuts
  Bailey: 246 daAuts
  Temple: 35 daAuts

Table legend:
 A = Kills in this place as a percentage of kills in entire the game.
 B = Kills by you in this place as a percentage of kills by you in the entire game.
 C = Kills by friends in this place as a percentage of kills by friends in the entire game.
 D = Other kills in this place as a percentage of other kills in the entire game.
 E = Experience gained in this place as a percentage of experience gained in the entire game.
 F = Experience gained in this place divided by the number of levels of this place that you have seen.
                   A       B       C       D       E      F
               +-------+-------+-------+-------+-------+----------------------
         Total | 100.0 | 100.0 | 100.0 | 100.0 | 100.0 | 1639.9
       Dungeon |  78.5 |  80.2 |   0.0 |  66.7 |  71.0 | 1629.6
          Lair |   3.2 |   3.3 |   0.0 |   0.0 |  12.0 | 2747.0
       Ossuary |  11.6 |   9.5 | 100.0 |  33.3 |   2.4 | 549.0
        Bailey |   6.7 |   7.0 |   0.0 |   0.0 |  14.7 | 3367.0
               +-------+-------+-------+-------+-------+----------------------
